Map: Para Site LE

Players

Sketchaphone - Winner!

  • Race: Zerg Zerg
  • League: Gold
  • Spawn Location: 11:00

Striker

  • Race: Terran Terran
  • League: Platinum
  • Spawn Location: 5:00

VOD

Have the link to the VOD?

Description

Time

  • Played on: Jan. 21, 2019, 3:20 p.m.
  • Length: 29:02
Show
View Real Time Build Order
Export as new Build Order

Sketchaphone Zerg - Winner!

Build Orders: Hatch First 

Get SALT Encoding   

  12  0:01  Drone  
  13  0:12  Drone  
  14  0:16  Overlord  
  14  0:28  Drone, Extractor  
  14  0:34  Drone x2  
  17  0:54  Hatchery  
  17  0:56  Drone  
  17  1:03  Drone, Extractor  
  17  1:17  Spawning Pool  
  16  1:19  Drone  
  16  1:23  Drone  
  18  1:28  Drone  
  19  1:39  Drone  
  20  1:50  Overlord  
  20  2:02  Drone  
  20  2:04  Metabolic Boost  
  20  2:07  Queen  
  23  2:10  Drone  
  23  2:11  Drone  
  25  2:17  Zergling x2  
  26  2:31  Drone  
  26  2:32  Drone  
  26  2:33  Queen  
  26  2:36  Overlord  
  30  2:45  Zergling x2  
  31  2:56  Roach Warren  
  31  2:57  Drone x2  
  31  2:58  Overlord  
  32  3:23  Drone  
  32  3:24  Drone x2, Hatchery  
  34  3:27  Queen  
  36  3:38  Zergling x4  
  36  3:39  Roach x2  
  42  3:52  Roach  
  42  3:53  Roach x2  
  47  4:09  Drone x2  
  49  4:23  Drone x3  
  52  4:27  Lair  
  52  4:32  Overlord x2, Evolution Chamber, Drone  
  52  4:34  Evolution Chamber, Drone  
  52  4:37  Queen  
  54  4:44  Drone  
  55  4:46  Roach  
  55  4:49  Overlord  
  55  4:50  Drone, Extractor  
  56  5:12  Drone x2  
  58  5:15  Overlord x2, Drone x4  
  58  5:16  Drone x2  
  61  5:32  Zergling x2  
  61  5:33  Roach x4, Zergling x2  
  71  5:43  Spore Crawler  
  71  5:44  Spine Crawler  
  71  5:45  Spine Crawler  
  56  6:06  Overlord  
  56  6:07  Overlord  
  56  6:08  Drone  
  56  6:18  Queen  
  58  6:28  Hatchery  
  58  6:32  Roach x3  
  63  6:34  Roach x2, Drone x2  
  63  6:35  Roach  
  63  6:39  Zerg Ground Armor Level 1  
  71  6:40  Zerg Missile Weapons Level 1  
  71  6:43  Pneumatized Carapace  
  71  6:51  Hydralisk Den  
  70  7:14  Extractor  
  69  7:16  Extractor  
  68  7:32  Glial Reconstitution  
  68  7:34  Drone  
  68  7:35  Grooved Spines  
  68  7:36  Overlord x2  
  69  7:37  Zergling x4  
  69  7:54  Roach x6  
  69  7:55  Zergling x2  
  69  7:56  Zergling x6  
  75  8:18  Hydralisk x3  
  71  8:20  Zergling x6  
  65  9:03  Hatchery  
  58  9:10  Zerg Ground Armor Level 2  
  56  9:24  Overlord  
  47  10:14  Drone, Hydralisk  
  47  10:15  Drone, Hydralisk x3  
  57  10:24  Hatchery  
  54  10:31  Spore Crawler  
  51  10:50  Drone x6  
  51  10:52  Drone x2  
  58  10:57  Hydralisk x2  
  58  11:03  Overlord, Drone  
  58  11:04  Overlord  
  63  11:18  Overlord  
  59  11:33  Extractor  
  56  11:42  Drone x2  
  56  11:43  Drone x7  
  63  12:00  Roach, Hydralisk x2  
  63  12:01  Hydralisk x4  
  69  12:02  Drone  
  78  12:09  Spine Crawler  
  75  12:19  Overlord, Drone x3  
  75  12:20  Drone x3  
  78  12:34  Hydralisk x4  
  77  12:45  Drone  
  77  12:46  Drone x3  
  77  12:48  Overseer  
  81  13:04  Queen, Drone  
  81  13:05  Drone x4  
  88  13:07  Drone  
  89  13:13  Roach x2  
  89  13:14  Roach  
  95  13:27  Queen  
  95  13:29  Drone  
  95  13:33  Muscular Augments  
  98  13:34  Hatchery  
  98  13:37  Spire  
  92  14:04  Overseer  
  92  14:13  Queen  
  94  14:21  Evolution Chamber  
  94  14:22  Zerg Missile Weapons Level 2  
  94  14:23  Spire  
  92  14:26  Burrow  
  92  14:30  Drone x3  
  95  14:31  Drone  
  95  14:32  Extractor  
  95  14:44  Drone x2  
  95  14:45  Overlord, Drone x3  
  100  14:46  Drone x2  
  102  14:53  Roach x4  
  102  14:57  Hatchery  
  109  15:06  Roach x6  
  107  15:32  Ravager  
  108  15:36  Hydralisk x4  
  108  15:39  Hydralisk x3  
  120  15:49  Hydralisk x3  
  126  16:15  Hatchery  
  109  16:20  Roach  
  109  16:21  Roach x12  
  109  16:25  Mutalisk  
  135  16:27  Zerg Flyer Weapons Level 1  
  135  16:31  Roach  
  139  16:44  Roach x6  
  139  17:03  Mutalisk  
  139  17:04  Mutalisk x3  
  139  17:06  Overlord x2, Zergling x2  
  130  17:21  Roach  
  130  17:22  Roach x4  
  126  17:27  Zergling x2  
  126  17:28  Roach x4  
  129  17:34  Mutalisk x4  
  133  17:43  Roach  
  116  17:53  Roach  
  116  17:54  Roach x6  
  116  17:56  Mutalisk x2  
  132  18:04  Zergling x4  
  133  18:26  Zerg Flyer Weapons Level 2  
  133  18:37  Queen  
  133  18:40  Drone x8, Extractor  
  133  18:41  Drone x2, Extractor  
  143  18:53  Drone x2  
  140  18:57  Hydralisk x10  
  140  19:02  Roach x3  
  140  19:04  Roach x8  
  140  19:08  Roach x4  
  144  19:27  Mutalisk x3  
  144  19:29  Roach x3  
  144  19:30  Overlord  
  144  19:31  Overlord, Drone  
  154  20:06  Roach x8  
  161  20:30  Roach  
  161  20:31  Roach  
  161  20:34  Overlord x3  
  165  20:49  Zergling x4  
  165  20:50  Zergling x4  
  159  20:59  Extractor  
  159  21:00  Extractor  
  151  21:11  Overlord  
  151  21:12  Overlord x2  
  151  21:13  Hatchery  
  126  21:36  Hydralisk x4  
  126  21:37  Hydralisk x7  
  146  21:56  Corruptor  
  146  21:57  Corruptor x3  
  146  21:58  Overlord  
  146  22:00  Roach  
  146  22:01  Roach x2  
  160  22:05  Queen  
  162  22:15  Corruptor x7  
  121  22:37  Hydralisk x8  
  119  23:00  Hatchery  
  114  23:15  Spore Crawler  
  114  23:16  Spine Crawler  
  114  23:17  Hydralisk  
  112  23:22  Roach  
  112  23:25  Hatchery  
  109  23:28  Overseer  
  109  23:30  Overseer  
  109  23:38  Spore Crawler  
  108  23:45  Corruptor x5  
  108  23:46  Corruptor x8  
  130  23:58  Drone x3  
  133  24:32  Infestation Pit  
  132  24:45  Roach x13  
  150  25:14  Roach x6  
  144  25:23  Roach x3  
  150  25:37  Zergling x4  
  150  25:38  Zergling x2  
  153  25:44  Queen  
  139  26:52  Extractor  
  132  26:54  Extractor  
  132  26:56  Roach x9  
  137  27:13  Hive  
  137  27:16  Drone x3  
  137  27:18  Roach x6  
  137  27:21  Queen  
  111  27:54  Zergling x20  
  114  27:58  Zergling x2  
Show
View Real Time Build Order
Export as new Build Order

Striker Terran 

Build Orders: 1/1/1 

Get SALT Encoding   

  12  0:05  SCV  
  13  0:20  SCV  
  14  0:26  Supply Depot  
  14  0:30  Refinery  
  14  0:32  SCV  
  15  0:48  SCV  
  16  0:50  Barracks  
  16  1:00  SCV  
  17  1:08  Supply Depot  
  17  1:12  SCV  
  18  1:24  SCV  
  19  1:36  SCV  
  19  1:39  Factory  
  20  1:40  Marine  
  21  1:48  SCV  
  21  1:54  Barracks  
  22  2:00  Marine  
  23  2:03  Orbital Command  
  23  2:18  Marine  
  24  2:24  Starport  
  24  2:33  SCV  
  24  2:36  Refinery, Marine  
  26  2:38  Widow Mine  
  26  2:41  Barracks Tech Lab  
  28  2:54  Marine  
  29  3:03  Engineering Bay  
  29  3:06  Medivac  
  29  3:11  Marine x2  
  33  3:20  SCV  
  34  3:30  Marine  
  34  3:31  Supply Depot  
  35  3:34  Stimpack  
  35  3:42  Marine  
  35  3:46  Medivac  
  38  3:56  Marine  
  38  3:59  Widow Mine  
  38  4:01  Marine  
  40  4:10  Terran Infantry Weapons Level 1  
  40  4:11  Missile Turret  
  40  4:14  Marine  
  41  4:19  Marine  
  42  4:28  Starport Reactor  
  42  4:30  Widow Mine  
  44  4:36  Supply Depot  
  44  4:42  Marine  
  45  4:46  Marine  
  45  5:17  Command Center  
  45  5:22  SCV  
  44  5:42  Marine  
  45  5:46  Liberator  
  45  5:47  Liberator  
  39  5:56  Marine  
  38  5:59  Marine  
  38  6:01  SCV  
  38  6:02  Factory Tech Lab  
  41  6:13  SCV  
  41  6:14  Marine  
  41  6:16  Combat Shield  
  43  6:19  Terran Infantry Armor Level 1  
  43  6:25  Marine, SCV  
  43  6:28  Siege Tank  
  43  6:30  Barracks  
  48  6:38  SCV  
  49  6:44  Factory  
  49  6:49  Refinery  
  49  6:50  SCV  
  49  6:51  Barracks Reactor  
  49  6:52  Marine  
  51  6:58  Orbital Command  
  51  7:02  SCV  
  52  7:22  Siege Tank  
  55  7:23  Barracks Reactor  
  55  7:24  Marine  
  56  7:30  SCV x2  
  56  7:35  Refinery  
  58  7:41  Marine, Supply Depot  
  56  8:04  Supply Depot, Liberator x2  
  50  8:18  Marauder, Marine x2  
  50  8:19  Marine x2, Siege Tank  
  54  8:23  SCV  
  55  8:31  Widow Mine  
  46  9:25  SCV  
  45  9:49  Marauder, Marine x2  
  45  9:51  Siege Tank  
  45  9:52  SCV, Liberator  
  53  9:53  SCV  
  53  9:58  Factory Reactor  
  54  10:03  Barracks Reactor  
  54  10:04  SCV  
  54  10:05  SCV  
  50  10:07  Marine x2  
  50  10:10  Marine  
  50  10:11  Medivac  
  58  10:17  SCV x2  
  60  10:29  Marauder, SCV x2  
  61  10:41  SCV x2  
  63  10:44  Marine  
  63  10:45  Marine x3  
  67  10:50  Marauder  
  67  10:53  SCV  
  67  11:02  Marine  
  67  11:03  Marine x3  
  71  11:11  Marine  
  72  11:13  Viking  
  72  11:14  Viking  
  76  11:20  Marine x4  
  80  11:29  Marine  
  81  11:38  Marine x2  
  79  11:47  Marauder  
  79  12:02  Viking x2  
  73  12:34  Liberator  
  73  12:36  SCV x2  
  77  12:37  Siege Tank  
  64  12:48  SCV  
  64  12:49  Refinery  
  64  12:50  Widow Mine x2  
  69  13:09  Siege Tank  
  72  13:19  Marine x5  
  77  13:31  Command Center  
  77  13:36  Marine  
  77  13:37  Marine x4  
  80  13:52  SCV, Siege Tank  
  80  13:53  SCV  
  80  13:54  Marine  
  80  13:55  Marine x4  
  79  14:04  SCV  
  79  14:05  SCV  
  81  14:10  Armory  
  81  14:12  Marine x4  
  81  14:13  Marauder  
  81  14:17  SCV  
  86  14:37  Supply Depot  
  86  14:41  Supply Depot  
  86  14:42  Marine x3  
  86  14:43  Marauder, Siege Tank, SCV x2, Widow Mine x2  
  100  14:55  SCV  
  100  14:58  Medivac x2, SCV  
  106  15:04  Marauder, Widow Mine, Supply Depot  
  110  15:07  SCV  
  110  15:10  SCV  
  100  15:22  Marine x2  
  100  15:23  Marine x2, Siege Tank  
  100  15:26  Marauder  
  97  15:47  Marauder  
  91  15:58  Planetary Fortress  
  91  16:01  Refinery  
  91  16:02  Marine  
  91  16:03  Marine x2  
  94  16:04  Refinery  
  94  16:07  Marine, Widow Mine x3  
  94  16:08  Marauder  
  94  16:10  Terran Vehicle Weapons Level 1  
  96  16:20  Marine  
  96  16:22  Marine  
  96  16:23  Marine  
  96  16:25  Marine  
  99  16:30  Marauder  
  102  16:35  SCV  
  102  16:38  Marine, Command Center  
  104  16:40  Marine  
  104  16:41  Marine  
  104  16:43  Marine  
  104  16:51  Marine  
  105  16:56  Marine  
  105  16:58  Marine  
  105  16:59  Marine  
  105  17:01  Marine  
  103  17:07  Liberator x2  
  103  17:08  Marine, SCV x2  
  106  17:13  Drilling Claws  
  106  17:14  Marine  
  108  17:16  Marine x2  
  108  17:20  SCV x2  
  108  17:22  Marine  
  101  17:23  Widow Mine, Siege Tank  
  101  17:24  Widow Mine  
  101  17:26  Marine  
  108  17:32  Marine  
  108  17:34  Marine x2  
  105  17:45  Marauder, Widow Mine x2  
  105  17:50  Liberator  
  88  18:00  SCV  
  88  18:01  SCV  
  88  18:02  Planetary Fortress  
  88  18:04  Siege Tank  
  93  18:06  Marauder, Marine, Widow Mine x2  
  93  18:07  Marine x2  
  93  18:12  SCV  
  100  18:13  SCV  
  100  18:15  Marine  
  102  18:24  Marine x2, SCV  
  102  18:25  Marine, SCV  
  107  18:27  Marine  
  107  18:28  Widow Mine x2  
  112  18:37  Widow Mine, SCV x2  
  112  18:38  Supply Depot  
  116  18:45  Viking  
  118  18:49  Widow Mine, SCV x2  
  118  18:50  Viking  
  118  18:53  Starport  
  121  18:58  Refinery  
  121  19:00  Refinery  
  121  19:01  Terran Ship Weapons Level 1, SCV x2  
  123  19:10  Liberator x2  
  123  19:13  SCV  
  124  19:19  Marauder, Marine x4  
  124  19:20  Siege Tank  
  133  19:25  Widow Mine x2  
  133  19:29  SCV  
  144  19:42  Missile Turret  
  144  19:43  Missile Turret  
  144  19:46  Missile Turret  
  144  19:47  Widow Mine  
  144  19:49  Starport Reactor  
  146  19:54  Siege Tank  
  118  20:10  Viking x2  
  117  20:15  Missile Turret  
  117  20:18  Missile Turret  
  114  20:23  Missile Turret  
  112  20:32  Marauder, Marine x3  
  113  20:36  Siege Tank  
  113  20:37  Marine  
  114  20:50  Marine x3  
  114  20:54  Marauder  
  114  20:56  Command Center  
  103  21:04  Marine  
  103  21:08  Marine, Siege Tank  
  103  21:16  SCV  
  103  21:17  Marauder, Marine x2  
  99  21:22  Marine  
  100  21:26  Marine  
  101  21:35  Marine x2  
  101  21:38  Marine  
  104  21:40  Marine  
  104  21:43  Marine, Siege Tank  
  109  21:53  Marine x2  
  109  21:56  Marine  
  109  21:59  Missile Turret  
  109  22:00  Widow Mine x2  
  114  22:15  Widow Mine  
  114  22:21  Widow Mine  
  107  22:27  SCV x2  
  107  22:28  Marauder, Marine x3  
  110  22:33  Missile Turret  
  110  22:34  Marine  
  109  22:39  SCV x2  
  107  22:45  Marine  
  107  22:46  Marine x2  
  107  22:49  Marauder  
  107  22:52  Marine  
  98  23:03  Marine x2  
  98  23:04  Marine  
  101  23:10  Marine  
  101  23:11  Marauder  
  104  23:25  Liberator  
  104  23:32  Marauder  
  104  23:33  Orbital Command  
  106  23:35  Armory, Marine x4  
  111  23:52  Marine  
  111  23:53  Marine x3  
  111  23:54  Marauder  
  115  24:21  Marauder, Marine x3  
  115  24:22  SCV  
  115  24:24  Armory  
  121  24:29  Marine  
  122  24:39  Marine x3  
  122  24:42  Marauder  
  120  24:56  Marine x2  
  117  25:04  Marauder  
  113  25:20  Missile Turret  
  113  25:22  Missile Turret  
  113  25:23  Marine, Missile Turret  
  113  25:24  Marine x3  
  113  25:25  Marine  
  118  25:35  Missile Turret x2  
  118  25:36  Missile Turret  
  118  25:37  Missile Turret  
  118  25:41  Marine  
  118  25:42  Marine x4  
  120  25:53  Missile Turret  
  118  26:06  Marine x3  
  118  26:07  Marine x2  
  118  26:11  Missile Turret x2  
  102  26:24  Marine x3  
  102  26:25  Marine x2  
  96  26:58  Marauder  
Tags
 
Matchup
TvZ
Replay Pack
init
Spawn Locations
Cross Positions
Add a new tag
Caveats
  • Supply blocks, unpowered buildings, or Contaminate may cause inaccurate times.
  • Supply counts are checked every 10 seconds.